 Dungeon Crawl Stone Soup version 0.24-a0-433-gbe6fa4f6cc (webtiles) character file.

Game seed: 4760086118376446798

4113 Gumption the Quickloader (level 10, -6/86 HPs)
             Began as a Centaur Hunter on June 14, 2019.
             Was an Initiate of Gozag.
             Mangled by an orc warrior
             ... wielding a +0 war axe
              (7 damage)
             ... in a bailey.
             The game lasted 00:48:53 (9582 turns).

Gumption the Quickloader (Centaur Hunter)           Turns: 9582, Time: 00:48:54

Health: -6/86      AC: 13    Str: 18    XL:     10   Next: 6%
Magic:  10/10      EV:  7    Int: 10    God:    Gozag
Gold:   1096       SH:  0    Dex: 10    Spells: 9/9 levels left

rFire    . . .     SeeInvis +   a - +2 hand crossbow
rCold    . . .     Gourm    .   (no shield)
rNeg     . . .     Faith    .   v - +0 chain mail
rPois    +         Spirit   .   k - +2 hat
rElec    .         Reflect  .   q - +0 cloak of Wu Jian's Pride {rPois rCorr}
rCorr    +         Harm     .   p - +0 pair of gloves
MR       .....                  (no barding)
Stlth    ..........             (no amulet)
HPRegen  0.24/turn              H - ring of see invisible
MPRegen  0.12/turn              i - ring of flight

@: marked, gold aura, very quick
A: large, hooves 3, deformed body, speed 2, tough skin 3
a: Potion Petition, Call Merchant, Bribe Branch, Renounce Religion, Evoke Flight


You were in a bailey.
You worshipped Gozag.
Gozag was most pleased with you.
You were not hungry.

You visited 2 branches of the dungeon, and saw 9 of its levels.
You also visited: Bailey.

You collected 1209 gold pieces.
You spent 33 gold pieces at shops.
You paid 80 gold pieces to Gozag.

Inventory:

Hand Weapons
 a - a +2 hand crossbow (weapon)
 b - a +0 short sword
Missiles
 d - 114 bolts (quivered)
 g - 25 poisoned darts
 h - 474 stones
Armour
 k - a +2 hat (worn)
 l - a +0 plate armour
 p - a +0 pair of gloves (worn)
 q - the +0 cloak of Wu Jian's Pride (worn) {rPois rCorr}
   (You found it on level 7 of the Dungeon)

   It protects you from poison.
   It provides partial protection from all sources of acid and corrosion.
 v - a +0 chain mail (worn)
Jewellery
 i - a ring of flight (right hand)
 y - an uncursed ring of poison resistance
 H - a ring of see invisible (left hand)
Wands
 s - a wand of flame (16)
 t - a wand of acid (9)
 u - a wand of iceblast (2)
 F - a wand of digging (2)
Scrolls
 w - 3 scrolls of teleportation
 A - 4 scrolls of remove curse
Potions
 c - 2 potions of agility
 f - a potion of invisibility
 j - a potion of heal wounds
 m - a potion of haste
 n - 2 potions of brilliance
 o - a potion of mutation
 r - 3 potions of lignification
 z - a potion of flight
 B - 3 potions of curing
 G - 3 potions of might
Comestibles
 e - 5 rations


   Skills:
 + Level 7.2 Fighting
 - Level 10.0 Crossbows
 + Level 5.2 Armour
 + Level 5.4 Dodging
 - Level 0.4 Stealth


You had 9 spell levels left.
You didn't know any spells.
Your spell library contained the following spells:

 Spells                   Type           Power        Failure   Level  Hunger
 Beastly Appendage        Tmut           #.....       99%         1    ##.....
 Magic Dart               Conj           #...         99%         1    ##.....
 Blink                    Tloc           N/A          100%        2    ###....
 Call Imp                 Summ           #.......     100%        2    ###....
 Slow                     Hex            #.......     100%        2    ###....
 Sticks to Snakes         Tmut           #.......     100%        2    ###....
 Conjure Flame            Conj/Fire      #.......     100%        3    ####...
 Mephitic Cloud           Conj/Pois/Air  #.......     100%        3    ####...
 Spider Form              Tmut/Pois      #.........   100%        3    ####...
 Ice Form                 Ice/Tmut       #.......     100%        4    #####..
 Blade Hands              Tmut           #.........   100%        5    ######.


Dungeon Overview and Level Annotations

Branches:
Dungeon (8/15)             Temple (1/1) D:4
   Lair: D:8-11

Altars:
Ashenzari
Cheibriados
Dithmenos
Elyvilon
Fedhas
Gozag
Hepliaklqana
Kikubaaqudgha
Makhleb
Okawaru
Qazlal
Ru
Sif Muna
Trog
Uskayaw
Vehumet
Wu Jian
Xom
Yredelemnul
Zin
The Shining One

Shops:
D:5 !   D:6 (

Annotations:
D:6 Grinder


Innate Abilities, Weirdness & Mutations

You have hooves in place of feet.
Armour fits poorly on your strangely shaped body.
You cover ground very quickly.
You have extremely tough skin. (AC +3)


Message History

You shoot a bolt.
The bolt hits the orc warrior but does no damage.
The orc warrior is no longer distracted by gold.
The orc warrior is lightly wounded.
The hobgoblin is no longer distracted by gold.
The orc warrior hits you with a +0 war axe!
* * * LOW HITPOINT WARNING * * *
The orc warrior hits you with a cursed -2 war axe!
* * * LOW HITPOINT WARNING * * *
Firing (i - inventory. (/) - cycle)
d - 115 bolts (quivered)
Press: ? - help, Shift-Dir - straight line, f/p - orc warrior
Aim: an orc warrior, wielding a +0 war axe and wearing a +0 plate armour (lightly wounded)
You shoot a bolt.
The bolt closely misses the orc warrior.
The bolt completely misses the hobgoblin.
The bolt closely misses the goblin.
An orc warrior comes into view. It is wielding a +0 hand axe.
The orc warrior hits you with a +0 war axe!
You die...
Your body crumbles into a pile of gold.

#≈o≈#
≈g≈ ≈$≈
≈g≈
##(##
##.∩.##
#8$oo8#
##.@.##
##8##
###


You could see 3 orc warriors, a hobgoblin and a goblin.

Vanquished Creatures
  2 hornets
  A hungry ghost (D:8)
  Menkaure (D:6)
  Duvessa (D:6)
  2 sky beasts
  5 orc warriors
  A phantom (D:6)
  A black bear (D:7)
  5 ogres
  7 bullfrogs
  Dowan (D:6)
  A water moccasin zombie (D:6)
  4 scorpions
  9 killer bees
  3 wights (D:7)
  3 crimson imps
  A jelly (D:6)
  3 hounds
  An orc priest (D:6)
  5 orc wizards
  2 iguanas
  Ijyb (D:4)
  5 worker ants
  2 hound skeletons (D:7)
  A worker ant zombie (D:6)
  Robin (D:3)
  4 adders
  4 shadow imps
  2 oozes
  An adder skeleton (D:6)
  2 dart slugs
  6 leopard geckos
  25 orcs
  5 bats
  3 giant cockroaches
  21 goblins
  14 hobgoblins
  4 jackals
  3 quokkas
  A ball python (D:4)
  7 frilled lizards
  A giant cockroach zombie (D:5)
  A jackal skeleton (D:6)
  7 kobolds
  A leopard gecko zombie (D:6)
  11 rats
192 creatures vanquished.

Vanquished Creatures (others)
  An orc wizard (D:7)
  A quokka (D:2)
2 creatures vanquished.

Grand Total: 194 creatures vanquished

Notes
Turn   | Place    | Note
-------+----------+-------------------------------------------
     0 | D:1      | Gumption the Centaur Hunter began the quest for the Orb.
     0 | D:1      | Reached XP level 1. HP: 17/17 MP: 1/1
   335 | D:1      | Reached XP level 2. HP: 24/24 MP: 2/2
  1091 | D:1      | Reached XP level 3. HP: 19/30 MP: 3/3
  1500 | D:2      | Reached skill level 5 in Crossbows
  1785 | D:2      | Reached skill level 1 in Armour
  1843 | D:2      | Reached XP level 4. HP: 34/37 MP: 4/4
  2325 | D:3      | Found a shadowy altar of Dithmenos.
  2384 | D:3      | Noticed Robin
  2422 | D:3      | Killed Robin
  2759 | D:3      | Found a hazy altar of Hepliaklqana.
  3407 | D:4      | Found a staircase to the Ecumenical Temple.
  3415 | Temple   | Entered the Ecumenical Temple
  3682 | Temple   | Became a worshipper of Gozag Ym Sagoz the Greedy
  3714 | D:4      | Reached XP level 5. HP: 44/44 MP: 5/5
  3831 | D:4      | Found a glowing golden altar of the Shining One.
  3867 | D:4      | Reached skill level 6 in Crossbows
  3946 | D:4      | Noticed Ijyb
  4240 | D:4      | Killed Ijyb
  4240 | D:4      | Reached XP level 6. HP: 43/51 MP: 6/6
  4886 | D:4      | Found an ornate altar of the Wu Jian Council.
  5033 | D:5      | Entered Level 5 of the Dungeon
  5192 | D:5      | Found Dyoxka Wadas's Distillery.
  5214 | D:5      | Reached XP level 7. HP: 53/58 MP: 7/7
  5221 | D:5      | Bought a potion of curing for 33 gold pieces
  5590 | D:5      | Reached skill level 7 in Crossbows
  6239 | D:6      | Found Keyst's Antique Weapon Emporium.
  6356 | D:6      | Reached XP level 8. HP: 67/67 MP: 8/8
  6433 | D:6      | Reached skill level 8 in Crossbows
  6542 | D:6      | Noticed Grinder
  6646 | D:6      | Noticed Duvessa
  6646 | D:6      | Noticed Dowan
  6668 | D:6      | Killed Duvessa
  6672 | D:6      | Killed Dowan
  6672 | D:6      | Reached skill level 5 in Fighting
  7072 | D:6      | Noticed Menkaure
  7077 | D:6      | Killed Menkaure
  7077 | D:6      | Reached skill level 9 in Crossbows
  7504 | D:7      | Reached XP level 9. HP: 74/74 MP: 9/9
  7944 | D:7      | Found a sacrificial altar of Ru.
  7983 | D:7      | Reached skill level 10 in Crossbows
  8429 | D:7      | Got a faintly humming cloak
  8435 | D:7      | Identified the +0 cloak of Wu Jian's Pride {rPois rCorr}
                  | (You found it on level 7 of the Dungeon)
  8692 | D:7      | Found an iron altar of Okawaru.
  9128 | D:8      | Reached skill level 5 in Dodging
  9141 | D:8      | Paralysed by a hornet for 3 turns
  9241 | D:8      | Reached skill level 5 in Armour
  9294 | D:8      | Found a flagged portal.
  9398 | Bailey   | Entered a bailey
  9567 | Bailey   | Reached XP level 10. HP: 86/86 MP: 10/10
  9581 | Bailey   | HP: 1/86 [orc warrior/cursed -2 war axe (14)]
  9582 | Bailey   | Mangled by an orc warrior

Levels and vault maps discovered:
D:1:      psy_arrival_heroes, layout_rooms
D:2:      layout_loops_ring, lemuel_flame_loot_1
D:3:      layout_basic, marbit_many_paths, grunt_dithmenos_smoke, uniq_robin
D:4:      kennysheep_the_goblin_king, layout_loops_corners,
          lemuel_coloured_pillars_altar, kennysheep_mini_moat,
          minmay_temple_entry_arrows
D:5:      layout_layer_cave, serial_shops, shop, first_ration
D:6:      layout_basic, serial_shops, nicolae_shop_competitors_out_of_business,
          uniq_duvessa, uniq_menkaure, uniq_grinder
D:7:      layout_basic, okawaru_gym_becter, lemuel_crystal_altar
D:8:      minmay_diamond_stairs, layout_basic, lemuel_doored_altar,
          lair_entry_dummy, enter_bailey_3
Temple:   regret_index_temple_sphere_string
Bailey:   bailey_axe_1, bailey

Skill      XL: |  1  2  3  4  5  6  7  8  9 |
---------------+----------------------------+-----
Crossbows      | 5 6 7 9 10 | 10.0
Armour         | 1 2 3 5 |  5.2
Dodging        | 2 3 4 5 |  5.4
Fighting       | 3 4 5 7 |  7.2
Stealth        | |  0.4

Action                   |  1- 3 |  4- 6 |  7- 9 | 10-12 || total
-------------------------+-------+-------+-------+-------++-------
Melee: Short sword       |   108 |    64 |       |       ||   172
       Kick              |    18 |    12 |       |       ||    30
 Fire: Hand crossbow     |    11 |   119 |   396 |    14 ||   540
Throw: Dart              |    23 |       |       |       ||    23
  Use: Scroll            |       |    10 |     7 |       ||    17
       Potion            |       |       |       |     1 ||     1
  Eat: Chunk             |     2 |     4 |       |       ||     6
       Ration            |       |     1 |     4 |       ||     5
Armor: Leather armour    |    56 |       |       |       ||    56
       Ring mail         |     9 |    34 |    15 |       ||    58
       Chain mail        |       |       |    63 |     1 ||    64
Dodge: Dodged            |    49 |    41 |    49 |     3 ||   142

Table legend:
 A = Non-vault XP
 B = Vault XP
 C = Vault XP percentage of total XP
 D = Non-vault monster count
 E = Vault monster count
 F = Vault count percentage of total count
                 A         B        C        D         E       F
            +---------+---------+-------+---------+---------+-------
      Total |    4514 |    1362 |  23.2 |     158 |      35 |  18.1
            +---------+---------+-------+---------+---------+-------
        D:1 |      44 |       0 |   0.0 |      26 |       0 |   0.0
        D:2 |      54 |       0 |   0.0 |      17 |       0 |   0.0
        D:3 |      36 |      32 |  47.1 |      15 |      12 |  44.4
        D:4 |     439 |      47 |   9.7 |      10 |       7 |  41.2
        D:5 |     456 |       0 |   0.0 |      13 |       0 |   0.0
        D:6 |    1205 |     393 |  24.6 |      29 |       3 |   9.4
        D:7 |    1768 |       0 |   0.0 |      39 |       0 |   0.0
        D:8 |     512 |     498 |  49.3 |       9 |       7 |  43.8
     Bailey |       0 |     392 | 100.0 |       0 |       6 | 100.0
            +---------+---------+-------+---------+---------+-------
